 Dungeon Crawl Stone Soup version 0.26-a0-712-ga5a9c9c9d0 (webtiles) character file.

Game seed: 13190554790463706700

8 kae the Ruffian (level 2, 0/25 HPs)
             Began as a Naga Transmuter on Nov 3, 2020.
             Slain by a gnoll
             ... wielding a cursed +0 spear
              (2 damage)
             ... on level 1 of the Dungeon.
             The game lasted 00:00:16 (496 turns).

kae the Ruffian (Naga Transmuter)                    Turns: 496, Time: 00:00:16

Health: 0/25       AC:  1    Str: 12    XL:     2   Next: 8%
Magic:  4/5        EV: 10    Int: 13    God:
Gold:   41         SH:  0    Dex: 11    Spells: 4/5 levels left

rFire    . . .     SeeInvis +     - Unarmed
rCold    . . .     Faith    .   (no shield)
rNeg     . . .     Spirit   .   a - +0 robe
rPois    +         Reflect  .   (helmet currently unavailable)
rElec    .         Harm     .   (no cloak)
rCorr    .         Rampage  .   (no gloves)
MR       .....                  (no barding)
Stlth    +.........             (no amulet)
HPRegen  0.08/turn              (no ring)
MPRegen  0.09/turn              (no ring)

@: short of breath, appendages (expiring), very slow
A: large, horns 2, see invisible, deformed body, poison resistance, slowness 2,
spit poison 1, AC +0
a: Spit Poison, End Transformation


You were on level 1 of the Dungeon.
You had grown temporary horns.
You visited 1 branch of the dungeon, and saw 1 of its levels.

You collected 41 gold pieces.

Inventory:

Armour
 a - a +0 robe (worn)
Scrolls
 c - a scroll of fog {unknown}
Potions
 b - a potion of cancellation {unknown}
 d - a potion of curing {unknown}
 e - 2 potions of stabbing {unknown}


   Skills:
 - Level 1.0 Fighting
 - Level 1.5 Dodging
 + Level 3.2 Unarmed Combat
 - Level 2.0 Spellcasting
 * Level 2.5 Transmutations


You had 4 spell levels left.
You knew the following spells:

 Your Spells              Type           Power        Failure   Level
a - Beastly Appendage     Tmut           #.....       9%          1

Your spell library contained the following spells:

 Spells                   Type           Power        Failure   Level
 Wereblood                Tmut           #.......     14%         2
 Spider Form              Tmut/Pois      #.........   41%         3
 Ice Form                 Ice/Tmut       #.......     83%         4
 Blade Hands              Tmut           #.........   94%         5


Dungeon Overview and Level Annotations

Branches:
Dungeon (1/15)

Altars:


Innate Abilities, Weirdness & Mutations

You cannot wear boots.
Your serpentine skin is tough. (AC +0)
You have supernaturally acute eyesight. (SInv)
Armour fits poorly on your strangely shaped body.
Your system is resistant to poisons. (rPois)
You cover ground very slowly.
You can spit poison.
You have a pair of horns on your head.


Message History

The gnoll hits you but does no damage.
You barely miss the gnoll.
The gnoll is moderately wounded.
Your transformation is almost over.
The gnoll hits you with a cursed +0 spear.
* * * LOW HITPOINT WARNING * * *
You hit the gnoll.
The gnoll is moderately wounded.
You have got your breath back.
Press: ? - help, Shift-Dir - straight line, f/p - gnoll
Aim: a gnoll, wielding a +0 spear (moderately wounded)
The splash of poison misses the gnoll.
The gnoll closely misses you.
You hit the gnoll.
The gnoll is severely wounded.
The gnoll hits you with a cursed +0 spear.
* * * LOW HITPOINT WARNING * * *
You barely miss the gnoll.
The gnoll is severely wounded.
The gnoll hits you with a cursed +0 spear.
You die...

. # .. .#
###.#######.####
................
#...g@..#.#
#..####.#.# ### #
#.#.# #.. #...#
###.# ##..# #....
#..########.#.#
#...........#..
(................##
#####.##########.##


You could see a gnoll.

Vanquished Creatures
  2 dart slugs (D:1)
  A bat (D:1)
  A frilled lizard (D:1)
  A kobold (D:1)
  A rat (D:1)
6 creatures vanquished.

Notes
Turn   | Place    | Note
-------+----------+-------------------------------------------
     0 | D:1      | kae the Naga Transmuter began the quest for the Orb.
     0 | D:1      | Reached XP level 1. HP: 18/18 MP: 3/3
     2 | D:1      | Noticed a human
     2 | D:1      | Noticed a vine stalker
     4 | D:1      | Noticed a gargoyle
     6 | D:1      | Noticed a tengu
     6 | D:1      | Noticed a troll
     8 | D:1      | Noticed an elf
     8 | D:1      | Noticed an ogre
    10 | D:1      | Noticed a ghoul
    10 | D:1      | Noticed a halfling
    12 | D:1      | Noticed a centaur
    12 | D:1      | Noticed a naga
    14 | D:1      | Noticed a felid
    16 | D:1      | Noticed a draconian
    18 | D:1      | Noticed a dwarf
    18 | D:1      | Noticed a spriggan
    20 | D:1      | Noticed an octopode
    20 | D:1      | Noticed a demonspawn
    22 | D:1      | Noticed a vampire
    22 | D:1      | Noticed a formicid
    24 | D:1      | Noticed a minotaur
    24 | D:1      | Noticed a demigod
    27 | D:1      | Noticed a merfolk
   379 | D:1      | Reached XP level 2. HP: 18/25 MP: 3/5
   496 | D:1      | Slain by a gnoll

Illustrated notes

Levels and vault maps discovered:
D:1:      kb_arrival_jail, layout_loops_ring, chequers_serial_rivers_small_b

Action                   || total
-------------------------++-------
Melee: Unarmed           ||    11
 Cast: Beastly Appendage ||     5
 Abil: Spit Poison       ||     6
Armor: Robe              ||     2
Dodge: Dodged            ||    10

Table legend: (Time is in decaauts)
 A = Elapsed time spent in this place.
 B = Non-inter-level travel time spent in this place.
 C = Inter-level travel time spent in this place.
 D = Time resting spent in this place.
 E = Time spent auto-exploring this place.
 F = Levels seen in this place.
 G = Mean time per level.
                   A        B        C        D        E       F      G
               +--------+--------+--------+--------+--------+-----+--------+
         Total |    581 |    581 |      0 |      0 |    536 |   1 |  581.0 |
       Dungeon |    581 |    581 |      0 |      0 |    536 |   1 |  581.0 |
               +--------+--------+--------+--------+--------+-----+--------+

Top non-repeatable levels by time:
     D:1: 581 daAuts
